 Dungeon Crawl Stone Soup version 0.30-a0-368-g86fb4627a9 (webtiles) character file.

Game seed: 7398085918943572207

1567 RascalDebosk the Magician (level 9, -1/65 HPs)
             Began as a Djinni Air Elementalist on Nov 19, 2022.
             Slain by a sky beast (6 damage)
             ... on level 6 of the Dungeon.
             The game lasted 00:30:23 (4607 turns).

RascalDebosk the Magician (Djinni Air Elementalist) Turns: 4607, Time: 00:30:24

Health: -1/65      AC:  4    Str:  7    XL:     9   Next: 13%
Gold:   28         EV: 12    Int: 22    God:
                   SH:  0    Dex: 13

rFire   + + .      SeeInvis .    x - +7 long sword
rCold   x . .      Faith    .    (no shield)
rNeg    . . .      Spirit   .    a - +0 robe
rPois   ∞          Reflect  .    e - +0 helmet
rElec   .          Harm     .    (no cloak)
rCorr   .          Rampage  .    r - +0 pair of gloves
Will    +....                    (boots unavailable)
Stlth   ++........               (no amulet)
HPRegen 0.30/turn                h - ring of willpower
MPRegen 0.00/turn                (no ring)

@: flying
A: sickness immunity, fire resistance 2, cold vulnerability 1, float, innate
caster, HP casting, extra vitality 1
a: no special abilities


You were on level 6 of the Dungeon.
You visited 1 branch of the dungeon, and saw 6 of its levels.

You collected 284 gold pieces.
You spent 256 gold pieces at shops.

Inventory:

Hand Weapons
 t - a +0 long sword
 w - a +4 great sword
 x - a +7 long sword (weapon)
Armour
 a - a +0 robe (worn)
 e - a +0 helmet (worn)
 r - a +0 pair of gloves (worn)
 u - the +0 pair of gloves of Zin's Inspiration {rN+ Str-3 SInv}
   (You bought it in a shop on level 5 of the Dungeon)

   Str:       It affects your strength (-3).
   rN:        It protects you from negative energy.
   SInv:      It lets you see invisible.
Magical Staves
 j - a staff of cold
 m - a staff of air
 v - a staff of conjuration
Jewellery
 h - a ring of willpower (left hand)
Wands
 g - a wand of roots (7)
Scrolls
 b - 5 scrolls of identify {unknown}
 c - 2 scrolls of noise {unknown}
 d - 2 scrolls of amnesia {unknown}
 i - 5 scrolls of teleportation {unknown}
 k - a scroll of magic mapping {unknown}
 n - a scroll of vulnerability {unknown}
 o - a scroll of fear {unknown}
Potions
 f - 2 potions of lignification {unknown}
 l - a potion of curing {unknown}
 p - a potion of ambrosia {unknown}
 q - a potion of invisibility {unknown}
 s - a potion of cancellation {unknown}


   Skills:
 + Level 5.1 Fighting
 - Level 2.1 Dodging
 - Level 1.5 Stealth
 * Level 7.7 Spellcasting


You had 3 spell levels left.
You knew the following spells:

 Your Spells              Type           Power      Damage    Failure   Level
a - Shock                 Conj/Air       100%       1d9       1%          1
b - Static Discharge      Conj/Air       84%        2-6/arc   1%          2
c - Swiftness             Air            42%        N/A       1%          3
d - Airstrike             Air            21%        2d(3-19)  3%          4
e - Summon Small Mammal   Summ           100%       N/A       1%          1
f - Call Imp              Summ           42%        N/A       1%          2
g - Teleport Other        Tloc           42%        N/A       1%          3
h - Summon Ice Beast      Ice/Summ       42%        N/A       3%          4
Your spell library was empty.

Dungeon Overview and Level Annotations

Branches:
Dungeon (6/15)             Temple (0/1) D:6

Altars:
Xom
The Shining One

Shops:
D:2 (   D:5 [


Innate Abilities, Weirdness & Mutations

You are immune to sickness and miasma.
You are immune to poison.
Your flesh is very heat resistant. (rF++)
You are vulnerable to cold. (rC-)
You float through the air rather than walking.
You learn spells naturally, not from books.
Your magical power is your life essence.
You have superior vitality. (+4 MHP)


Message History

You kill the orc!
* * * LOW HITPOINT WARNING * * *
You start resting.
You start to feel a little slower.
You start resting.
You feel sluggish.
You start resting.
You start to feel a little faster.
You start resting.
Your ice beast disappears in a puff of smoke!
You no longer feel sluggish.
You start resting.
A sky beast comes into view.
Casting: Shock (safe; 1% risk of failure)
Confirm with . or Enter, or press ? or * to list all spells.
Aiming: Teleport Other (safe; 1% risk of failure)
Press: ? - help, Shift-Dir - straight line, f - sky beast
Aim: a sky beast (wandering, hasn't noticed you, chance to affect: 76%)
The sky beast looks slightly unstable.
Casting: Teleport Other (safe; 1% risk of failure)
Confirm with . or Enter, or press ? or * to list all spells.
A chill wind blows around you.
The sky beast disappears!
Your ice beast disappears in a puff of smoke!
A sky beast is nearby!
Casting: Summon Ice Beast (dangerous; 3% risk of failure)
Confirm with . or Enter, or press ? or * to list all spells.
A shadowy apparition takes form in the air.
Casting: Call Imp (safe; 1% risk of failure)
Confirm with . or Enter, or press ? or * to list all spells.
A chill wind blows around you.
The sky beast flickers out of sight!
Deactivating autopickup; reactivate with Ctrl-A.
Something misses your shadow imp.
You swap places.
Something hits you but does no damage.
Casting: Summon Ice Beast (dangerous; 3% risk of failure)
Confirm with . or Enter, or press ? or * to list all spells.
Really attack your ice beast? Really attack your shadow imp?
A blue arc grounds itself harmlessly.
Something hits you but does no damage.
Casting: Static Discharge (safe; 1% risk of failure)
Confirm with . or Enter, or press ? or * to list all spells.
Really attack your ice beast? Really attack your shadow imp?
Your ice beast is struck by an arc of lightning!
Your ice beast is moderately wounded.
You are struck by an arc of lightning.
Your shadow imp is struck by an arc of lightning.
Your shadow imp is moderately wounded.
You are struck by an arc of lightning.
Your ice beast is struck by an arc of lightning.
Your ice beast is moderately wounded.
The lightning grounds out.
Your shadow imp is struck by an arc of lightning.
Your shadow imp is almost dead.
You are struck by an arc of lightning.
Your shadow imp disappears in a puff of smoke!
Your ice beast disappears in a puff of smoke!
Something hits you. Something shocks you.
Unknown command.
Unknown command.
Casting: Static Discharge (safe; 1% risk of failure)
Confirm with . or Enter, or press ? or * to list all spells.
You don't know that spell.
Casting: Static Discharge (safe; 1% risk of failure)
Confirm with . or Enter, or press ? or * to list all spells.
The air crackles with electrical energy.
* * * LOW HITPOINT WARNING * * *
Something hits you but does no damage.
Casting: Static Discharge (safe; 1% risk of failure)
Confirm with . or Enter, or press ? or * to list all spells.
Some blue arcs ground themselves harmlessly.
* * * LOW HITPOINT WARNING * * *
Something hits you but does no damage.
You barely miss something. Something hits you.
* * * LOW HITPOINT WARNING * * *
Something shocks you.
* * * LOW HITPOINT WARNING * * *
You slash something! Something hits you but does no damage.
Something hits you but does no damage.
You miss something. Something hits you.
* * * LOW HITPOINT WARNING * * *
Something shocks you.
* * * LOW HITPOINT WARNING * * *
You closely miss something. Something hits you but does no damage.
You closely miss something. Something hits you.
* * * LOW HITPOINT WARNING * * *
Something shocks you.
* * * LOW HITPOINT WARNING * * *
Something hits you.
* * * LOW HITPOINT WARNING * * *
Something shocks you.
You die...

#................ ###
###...............
##..##.....).....#.....
.#..........####..##....
.............#....##....
#................###...
##.###...).)..##...# ....
...................###...
##.....@{....#..........
####.............#..... .
#................###
..#..................
....................##
.....................# .
.........)###.........##.
...#......###............
...###.)###.............


There were no monsters in sight!

Vanquished Creatures
  A two-headed ogre (D:6)
  A centaur (D:6)
  A kobold brigand (D:5)
  2 scorpions
  4 wights (D:6)
  A howler monkey (D:5)
  4 crimson imps (D:3)
  An orc priest (D:6)
  4 iguanas
  An orc wizard (D:3)
  8 adders
  A white imp (D:6)
  An ufetubus (D:3)
  4 worms
  A dart slug (D:4)
  5 orcs
  3 ball pythons
  7 endoplasms
  2 giant cockroaches
  5 goblins
  5 hobgoblins
  6 jackals
  2 quokkas
  6 bats
  2 frilled lizards
  13 kobolds
  A rat (D:3)
92 creatures vanquished.

Notes
Turn   | Place    | Note
-------+----------+-------------------------------------------
     0 | D:1      | RascalDebosk the Djinni Air Elementalist began the quest
                  | for the Orb.
     0 | D:1      | RascalDebosk set off with the following spells memorised:
                  | Shock, Static Discharge, Swiftness, Airstrike.
     0 | D:1      | Reached XP level 1. HP: 15/15 MP: 0/0
   352 | D:1      | Reached XP level 2. HP: 18/21 MP: 0/0
   745 | D:2      | Found Iroy's Weapon Boutique.
   759 | D:2      | Reached skill level 3 in Spellcasting
   925 | D:2      | Reached XP level 3. HP: 7/25 MP: 0/0
   925 | D:2      | Learned a level 1 spell: Summon Small Mammal
  1658 | D:3      | Reached XP level 4. HP: 23/31 MP: 0/0
  1781 | D:3      | Reached skill level 4 in Spellcasting
  1870 | D:3      | Reached XP level 5. HP: 23/35 MP: 0/0
  1870 | D:3      | Learned a level 2 spell: Call Imp
  2023 | D:3      | Found a shimmering altar of Xom.
  2205 | D:3      | Reached XP level 6. HP: 29/40 MP: 0/0
  2353 | D:3      | Reached skill level 5 in Spellcasting
  2805 | D:4      | Reached skill level 1 in Fighting
  3029 | D:4      | Reached XP level 7. HP: 43/47 MP: 0/0
  3029 | D:4      | Learned a level 3 spell: Teleport Other
  3508 | D:5      | Entered Level 5 of the Dungeon
  3621 | D:5      | Found a glowing golden altar of the Shining One.
  3815 | D:5      | Reached skill level 6 in Spellcasting
  3883 | D:5      | Found Jeaqor's Antique Armour Boutique.
  3891 | D:5      | Bought a pair of buzzing gloves for 256 gold pieces
  3891 | D:5      | Identified the +0 pair of gloves of Zin's Inspiration {rN+
                  | Str-3 SInv} (You bought it in a shop on level 5 of the
                  | Dungeon)
  4100 | D:6      | Found a staircase to the Ecumenical Temple.
  4107 | D:6      | Reached XP level 8. HP: 44/56 MP: 0/0
  4380 | D:6      | Noticed a two-headed ogre
  4399 | D:6      | Killed a two-headed ogre
  4400 | D:6      | Reached skill level 5 in Fighting
  4400 | D:6      | Reached skill level 7 in Spellcasting
  4400 | D:6      | Reached XP level 9. HP: 10/65 MP: 0/0
  4400 | D:6      | Learned a level 4 spell: Summon Ice Beast
  4607 | D:6      | Slain by a sky beast

Illustrated notes

Levels and vault maps discovered:
D:1:      dreamdust_arrival_sigmund_warning, layout_loops_ring
D:2:      layout_loops_ring, serial_shops, nicolae_shop_bloodbath_and_beyond
D:3:      layout_basic, led_xom_imps, nicolae_concentric_dashed_squares_wild,
          chequers_decorated_corner, kennysheep_another_room,
          small_statue_intersection
D:4:      layout_loops_cross
D:5:      layout_rooms, nicolae_tso_carved_into_rock, serial_shops, shop
D:6:      layout_cave_pools, minmay_temple_entry_proselytizer

Skill      XL: |  1  2  3  4  5  6  7  8 |
---------------+-------------------------+-----
Spellcasting   | 3 4 5 6 7 |  7.7
Fighting       | 1 3 5 |  5.1
Dodging        | |  2.1
Stealth        | |  1.5

Action                   |  1- 3 |  4- 6 |  7- 9 || total
-------------------------+-------+-------+-------++-------
Melee: Dagger            |     1 |     4 |       ||     5
       Long sword        |       |       |     5 ||     5
 Cast: Shock             |    62 |    64 |    68 ||   194
       Static Discharge  |     7 |     9 |     5 ||    21
       Airstrike         |       |     2 |    12 ||    14
       Swiftness         |       |       |     1 ||     1
       Summon Ice Beast  |       |       |     3 ||     3
       Teleport Other    |       |       |     1 ||     1
       Call Imp          |       |       |     1 ||     1
 Stab: Sleeping          |     1 |       |       ||     1
Armor: Robe              |     2 |     3 |     7 ||    12
Dodge: Dodged            |     6 |     9 |     8 ||    23

Table legend: (Time is in decaauts)
 A = Elapsed time spent in this place.
 B = Non-inter-level travel time spent in this place.
 C = Inter-level travel time spent in this place.
 D = Time resting spent in this place.
 E = Time spent auto-exploring this place.
 F = Levels seen in this place.
 G = Mean time per level.
                   A        B        C        D        E       F      G
               +--------+--------+--------+--------+--------+-----+--------+
         Total |   4601 |   4532 |     69 |    563 |   3389 |   6 |  766.8 |
       Dungeon |   4601 |   4532 |     69 |    563 |   3389 |   6 |  766.8 |
               +--------+--------+--------+--------+--------+-----+--------+

Top non-repeatable levels by time:
     D:3: 1325 daAuts
     D:2: 794 daAuts
     D:4: 711 daAuts
     D:1: 674 daAuts
     D:5: 566 daAuts
     D:6: 529 daAuts
